 Dungeon Crawl Stone Soup version 0.26-a0-996-g6b303dbc09 (webtiles) character file.

Game seed: 6588330482000361506

114 Forecaster the Magician (level 4, -2/36 HPs)
             Began as a Naga Hedge Wizard on Dec 6, 2020.
             Killed by divine providence
             ... invoked by an orc priest
              (10 damage)
             ... on level 4 of the Dungeon.
             The game lasted 00:11:36 (3749 turns).

Forecaster the Magician (Naga Hedge Wizard)         Turns: 3749, Time: 00:11:37

Health: -2/36      AC:  3    Str: 12    XL:     4   Next: 98%
Magic:  14/19      EV: 14    Int: 15    God:
Gold:   202        SH:  5    Dex: 11    Spells: 6/11 levels left

rFire    . . .     SeeInvis +   y - +2 dagger (venom)
rCold    . . .     Faith    .   (no shield)
rNeg     . . .     Spirit   .   b - +0 robe
rPois    +         Reflect  +   c - +0 hat
rElec    .         Harm     .   d - +0 cloak
rCorr    .         Rampage  .   (no gloves)
MR       .....                  (no barding)
Stlth    ++........             i - amulet of reflection
HPRegen  0.12/turn              j - +4 ring of evasion
MPRegen  0.16/turn              r - ring of magical power

@: very slow
A: large, see invisible, deformed body, poison resistance, slowness 2, spit
poison 1, AC +1
a: Spit Poison


You were on level 4 of the Dungeon.
You visited 1 branch of the dungeon, and saw 4 of its levels.

You collected 202 gold pieces.

Inventory:

Hand Weapons
 a - a +0 dagger
 y - a +2 dagger of venom (weapon)
 z - a +1 short sword of speed
Armour
 b - a +0 robe (worn)
 c - a +0 hat (worn)
 d - a +0 cloak (worn)
Jewellery
 i - an amulet of reflection (around neck)
 j - a +4 ring of evasion (left hand)
 r - a ring of magical power (right hand)
Wands
 v - a wand of polymorph (11)
Scrolls
 e - 2 scrolls of identify {unknown}
 h - a scroll of magic mapping {unknown}
 m - 3 scrolls of remove curse {unknown}
 p - 2 scrolls of enchant armour {unknown}
 q - 2 scrolls of fog {unknown}
 u - a scroll of random uselessness {unknown}
 A - a scroll of fear {unknown}
Potions
 f - a potion of haste {unknown}
 g - 2 potions of curing
 k - a potion of invisibility {unknown}
 l - a potion of lignification {unknown}
 n - a potion of cancellation {unknown}
 o - a potion of flight {unknown}
 s - a potion of might {unknown}
 t - a potion of resistance {unknown}
 w - a potion of mutation {unknown}
 x - a potion of heal wounds {unknown}


   Skills:
 + Level 0.2 Fighting
 + Level 1.1 Short Blades
 + Level 1.9 Dodging
 + Level 3.3 Stealth
 + Level 0.3 Shields
 + Level 4.0 Spellcasting
 + Level 1.7 Conjurations
 + Level 1.8 Summonings
 + Level 1.0 Translocations


You had 6 spell levels left.
You knew the following spells:

 Your Spells              Type           Power        Failure   Level
a - Magic Dart            Conj           #...         9%          1
b - Call Imp              Summ           #.......     13%         2
c - Blink                 Tloc           N/A          19%         2

Your spell library contained the following spells:

 Spells                   Type           Power        Failure   Level
 Slow                     Hex            #.......     26%         2
 Conjure Flame            Conj/Fire      #.......     36%         3
 Mephitic Cloud           Conj/Pois/Air  #.......     38%         3


Dungeon Overview and Level Annotations

Branches:
Dungeon (4/15)
 Temple: D:4-7

Altars:


Innate Abilities, Weirdness & Mutations

You cannot wear boots.
Your serpentine skin is tough. (AC +1)
You have supernaturally acute eyesight. (SInv)
Armour fits poorly on your strangely shaped body.
Your system is resistant to poisons. (rPois)
You cover ground very slowly.
You can spit poison.


Message History

The orc hits you with a +0 dagger.
* * * LOW HITPOINT WARNING * * *
You swap places.
The orc misses your crimson imp.
Your crimson imp hits the orc.
The orc dies!
The orc throws a boomerang.
The boomerang hits your crimson imp but does no damage.
The weapon returns to the orc!
The orc priest calls upon Beogh to heal the orc.
The orc's wounds heal themselves!
The orc throws a boomerang.
The boomerang closely misses your crimson imp.
The boomerang closely misses you.
The weapon returns to the orc!
The orc priest looks braver for a moment.
The orc priest looks satisfied for a moment.
The orc priest hits your crimson imp.
Your crimson imp barely misses the orc priest.
The orc priest mumbles some strange prayers to Beogh against you.
Beogh smites you!
You die...

######## ##.......
.#....... .........
........#
........############.
.....o.[##oo5@.......
........ooo########.#
...................
#.###...###...#### .
#....#...#....#
#.#.<..#........
...##...#........
...o.o............ ..
#..............


You could see an orc priest, 4 orcs and a friendly crimson imp (summoned).

Vanquished Creatures
  An orc priest (D:3)
  An orc wizard (D:4)
  2 adders (D:2)
  A worm (D:2)
  A dart slug (D:2)
  3 orcs
  3 giant cockroaches
  4 goblins
  9 hobgoblins
  A jackal (D:3)
  2 kobolds
  A quokka (D:2)
  A ball python (D:2)
  3 bats
  A frilled lizard (D:2)
  2 rats
36 creatures vanquished.

Vanquished Creatures (collateral kills)
  A leopard gecko (D:2)
  6 orcs
  3 hobgoblins (D:3)
  2 jackals (D:3)
  A frilled lizard (D:3)
  A goblin (D:1)
  A kobold (D:3)
15 creatures vanquished.

Grand Total: 51 creatures vanquished

Notes
Turn   | Place    | Note
-------+----------+-------------------------------------------
     0 | D:1      | Forecaster the Naga Hedge Wizard began the quest for the
                  | Orb.
     0 | D:1      | Reached XP level 1. HP: 15/15 MP: 4/4
   492 | D:1      | Reached XP level 2. HP: 22/22 MP: 1/6
   495 | D:1      | Learned a level 2 spell: Call Imp
   498 | D:1      | Learned a level 2 spell: Blink
  1535 | D:2      | Found a faded altar of an unknown god.
  1558 | D:2      | Reached XP level 3. HP: 14/28 MP: 2/8
  2746 | D:3      | Reached skill level 1 in Short Blades
  3000 | D:3      | Reached XP level 4. HP: 35/36 MP: 9/9
  3115 | D:3      | HP: 1/36 [poisoned by an orc priest]
  3742 | D:4      | Reached skill level 4 in Spellcasting
  3749 | D:4      | Killed from afar by an orc priest

Illustrated notes

Levels and vault maps discovered:
D:1:      dpeg_arrival_water_temple_mockup, layout_basic
D:2:      layout_basic, chequers_ecumenical_altar_twisty
D:3:      layout_basic, minmay_misc_feat_room
D:4:      cheibrodos_old_hovel, layout_rooms, uniq_edmund, uniq_grinder

Skill      XL: |  1  2  3  4 |
---------------+-------------+-----
Short Blades   | 1 |  1.1
Spellcasting   | 4 |  4.0
Fighting       | |  0.2
Dodging        | |  1.9
Stealth        | |  3.3
Shields        | |  0.3
Conjurations   | |  1.7
Summonings     | |  1.8
Translocations | |  1.0

Action                   |  1- 3 |  4- 6 || total
-------------------------+-------+-------++-------
Melee: Dagger            |    76 |    33 ||   109
 Cast: Magic Dart        |    61 |     5 ||    66
       Call Imp          |    17 |    15 ||    32
  Use: Potion            |       |     2 ||     2
Armor: Robe              |     5 |     8 ||    13
Dodge: Dodged            |    48 |    26 ||    74
Block: Other             |    28 |     4 ||    32
       Reflection        |     3 |       ||     3

Table legend: (Time is in decaauts)
 A = Elapsed time spent in this place.
 B = Non-inter-level travel time spent in this place.
 C = Inter-level travel time spent in this place.
 D = Time resting spent in this place.
 E = Time spent auto-exploring this place.
 F = Levels seen in this place.
 G = Mean time per level.
                   A        B        C        D        E       F      G
               +--------+--------+--------+--------+--------+-----+--------+
         Total |   4528 |   4309 |    219 |    430 |   3188 |   4 | 1132.0 |
       Dungeon |   4528 |   4309 |    219 |    430 |   3188 |   4 | 1132.0 |
               +--------+--------+--------+--------+--------+-----+--------+

Top non-repeatable levels by time:
     D:1: 1761 daAuts
     D:2: 1407 daAuts
     D:3: 1309 daAuts
     D:4: 50 daAuts
